 Dungeon Crawl Stone Soup version 0.31.0-12-g77e489cdc1 (webtiles) character file.

Game seed: 313305558734954366

6813 Logoto the Cleaver (level 11, 0/95 HPs)
             Began as a Hill Orc Berserker on Feb 22, 2024.
             Was a Priest of Trog.
             Slain by a four-headed hydra (8 damage)
             ... on level 10 of the Dungeon on Feb 23, 2024.
             The game lasted 00:24:25 (9496 turns).

Logoto the Cleaver (Hill Orc Berserker)             Turns: 9496, Time: 00:24:27

Health: 0/95       AC: 32    Str: 25    XL:     11   Next: 5%
Magic:  11/11      EV:  8    Int:  7    God:    Trog [***...]
Gold:   478        SH:  5    Dex: 10    Spells: 10/10 levels left

rFire   . . .        C - +5 morningstar
rCold   . . .        (no shield)
rNeg    + . .        a - +15 Maxwell's patent armour {-Cast -Tele rElec Will+ rCorr}
rPois   .            (no helmet)
rElec   +            n - +0 cloak {Will+}
rCorr   +            (no gloves)
SInv    .            x - +0 pair of boots
Will    ++...        s - amulet of reflection Stlth
                     k - ring of positive energy
HPRegen 0.35/turn    (no ring)
MPRegen 0.12/turn

%: no teleportation, no spellcasting, reflection
@: on berserk cooldown
A: no striking features
a: Renounce Religion, Berserk, Trog's Hand


You were on level 10 of the Dungeon.
You worshipped Trog.
Trog was most pleased with you.
You visited 1 branch of the dungeon, and saw 10 of its levels.

You collected 478 gold pieces.

Inventory:

Hand Weapons
 w - a +0 war axe
 B - a +4 flail
 C - a +5 morningstar (weapon)
Missiles
 t - 3 throwing nets (quivered)
Armour
 a - the +15 Maxwell's patent armour (worn) {-Cast -Tele rElec Will+ rCorr}
   (You found it on level 7 of the Dungeon)

   rElec:     It insulates you from electricity.
   Will+:     It increases your willpower.
   -Cast:     It prevents spellcasting.
   -Tele:     It prevents most forms of teleportation.
   rCorr:     It protects you from acid and corrosion.
 h - a +0 plate armour
 n - a +0 cloak of willpower (worn)
 x - a +0 pair of boots (worn)
Jewellery
 k - a ring of positive energy (left hand)
 s - an amulet of reflection (around neck)
 E - a ring of willpower
 G - a ring of poison resistance
 I - a +6 ring of intelligence
Wands
 u - a wand of polymorph (6)
 H - a wand of acid (10)
Scrolls
 b - a scroll of acquirement {unknown}
 d - 11 scrolls of identify {unknown}
 f - a scroll of blinking {unknown}
 l - a scroll of silence {unknown}
 p - 2 scrolls of poison {unknown}
 q - 3 scrolls of teleportation {unknown}
 y - a scroll of vulnerability {unknown}
 A - a scroll of fog {unknown}
 D - a scroll of amnesia {unknown}
 F - a scroll of enchant armour {unknown}
 K - a scroll of summoning {unknown}
Potions
 c - 2 potions of degeneration {unknown}
 e - 2 potions of mutation {unknown}
 g - 3 potions of curing
 i - 3 potions of magic {unknown}
 j - 2 potions of attraction {unknown}
 m - a potion of invisibility {unknown}
 o - a potion of enlightenment {unknown}
 r - 2 potions of berserk rage {unknown}
 v - a potion of haste {unknown}
 z - a potion of ambrosia {unknown}
 J - a potion of cancellation {unknown}


   Skills:
 + Level 8.7 Fighting
 + Level 11.4(13.2) Axes
 + Level 9.1(11.0) Maces & Flails
 + Level 9.9 Armour
 + Level 2.6 Dodging
 + Level 1.3 Stealth
 + Level 2.4 Shields
 + Level 0.5 Unarmed Combat


You had 10 spell levels left.
You didn't know any spells.
Your spell library was empty.

Dungeon Overview and Level Annotations

Branches:
Dungeon (10/15)            Temple (0/1) D:4
   Lair: D:8-11         Orc: D:9-12

Altars:
Ashenzari
Dithmenos
Elyvilon
Hepliaklqana
Qazlal
Ru
Uskayaw
Wu Jian
Xom
Zin
The Shining One

Portals:
Trove: D:10 (give +5 demon blade)


Message History

The four-headed hydra bites you!
* * * LOW HITPOINT WARNING * * *
You hit the four-headed hydra.
The four-headed hydra is almost dead.
You block the four-headed hydra's attack.
The four-headed hydra bites you but does no damage.
The four-headed hydra bites you!
* * * LOW HITPOINT WARNING * * *
The four-headed hydra bites you but does no damage.
Press: ? - help, v - describe, . - travel
Here: a four-headed hydra (almost dead)
The floor, spattered with blood.
You puncture the four-headed hydra!
The four-headed hydra is almost dead.
The four-headed hydra barely misses you.
The four-headed hydra bites you but does no damage.
The four-headed hydra barely misses you.
You block the four-headed hydra's attack.
You completely miss the four-headed hydra.
The four-headed hydra is almost dead.
The four-headed hydra bites you but does no damage.
The four-headed hydra barely misses you.
The four-headed hydra bites you but does no damage.
The four-headed hydra closely misses you.
You hit the four-headed hydra.
The four-headed hydra is almost dead.
Your skin stops crawling.
You feel less strong-willed.
The four-headed hydra bites you but does no damage.
You block the four-headed hydra's attack.
The four-headed hydra barely misses you.
The four-headed hydra bites you but does no damage.
Unknown command.
You barely miss the four-headed hydra.
The four-headed hydra is almost dead.
The four-headed hydra bites you but does no damage.
The four-headed hydra bites you.
* * * LOW HITPOINT WARNING * * *
The four-headed hydra bites you but does no damage.
The four-headed hydra bites you!
You die...

..#..∩.....# #
.#........# #.
.........###
#..#...........
#..............
#..............
............?..
......D@.......
##.............
###########...
.


You could see a four-headed hydra.

Vanquished Creatures
  Erica (D:8)
  An efreet (D:9)
  Grinder (D:5)
  A hornet (D:8)
  Prince Ribbit (D:5)
  15 yaks
  Eustachio (D:5)
  Menkaure (D:6)
  2 steam dragons
  A water moccasin (D:7)
  An ice beast (D:5)
  4 black bears
  A laughing skull (D:9)
  An ogre (D:5)
  A centaur (D:5)
  A kobold brigand (D:7)
  4 bullfrogs
  4 scorpions
  8 wights
  A howler monkey (D:6)
  3 jellies
  3 orc priests
  4 hounds
  3 bombardier beetles
  Crazy Yiuf (D:4)
  A gnoll bouda (D:8)
  3 iguanas (D:5)
  2 sleepcaps
  4 orc wizards
  13 gnolls
  8 adders
  3 shadow imps
  5 white imps
  A dart slug (D:3)
  A ribbon worm (D:2)
  18 orcs
  8 ball pythons
  10 endoplasms
  2 giant cockroaches
  4 goblins
  11 hobgoblins
  2 jackals (D:5)
  3 quokkas
  4 bats
  4 frilled lizards
  11 kobolds
  4 rats
187 creatures vanquished.

Notes
Turn   | Place    | Note
-------+----------+-------------------------------------------
     0 | D:1      | Logoto the Hill Orc Berserker began the quest for the Orb.
     0 | D:1      | Reached XP level 1. HP: 19/19 MP: 1/1
   207 | D:1      | Reached XP level 2. HP: 24/27 MP: 2/2
   457 | D:1      | Reached XP level 3. HP: 33/33 MP: 3/3
   891 | D:1      | Reached skill level 5 in Axes
  1180 | D:2      | Reached ** piety under Trog
  1764 | D:3      | Found a hide-covered altar of Uskayaw.
  1776 | D:3      | Reached XP level 4. HP: 40/40 MP: 4/4
  2258 | D:3      | Reached XP level 5. HP: 38/47 MP: 5/5
  2623 | D:4      | Reached skill level 6 in Axes
  2712 | D:4      | Found a staircase to the Ecumenical Temple.
  2723 | D:4      | Reached XP level 6. HP: 46/53 MP: 6/6
  3043 | D:4      | Found a runed translucent door.
  3044 | D:4      | Noticed Crazy Yiuf
  3050 | D:4      | Killed Crazy Yiuf
  3051 | D:4      | Reached skill level 7 in Axes
  3128 | D:4      | Noticed a black bear
  3139 | D:4      | Killed a black bear
  3140 | D:4      | Reached skill level 1 in Stealth
  3168 | D:4      | Found an ornate altar of the Wu Jian Council.
  3295 | D:4      | Reached skill level 5 in Fighting
  3295 | D:4      | Reached XP level 7. HP: 37/61 MP: 7/7
  3505 | D:5      | Entered Level 5 of the Dungeon
  3731 | D:5      | Noticed Eustachio
  3746 | D:5      | Killed Eustachio
  3747 | D:5      | Reached skill level 5 in Armour
  3822 | D:5      | Noticed Prince Ribbit
  3874 | D:4      | Reached skill level 8 in Axes
  4214 | D:5      | Killed Prince Ribbit
  4215 | D:5      | Reached XP level 8. HP: 38/69 MP: 8/8
  4602 | D:5      | Reached skill level 9 in Axes
  4963 | D:5      | Noticed Grinder
  4965 | D:5      | Paralysed by Grinder for 2 turns
  4989 | D:5      | Paralysed by Grinder for 5 turns
  5000 | D:5      | Paralysed by Grinder for 3 turns
  5180 | D:5      | Paralysed by Grinder for 2 turns
  5192 | D:5      | Paralysed by Grinder for 4 turns
  5199 | D:5      | Paralysed by Grinder for 5 turns
  5225 | D:5      | Killed Grinder
  5299 | D:5      | Found a shimmering altar of Xom.
  5299 | D:5      | Found a glowing silver altar of Zin.
  5299 | D:5      | Noticed an angel
  5403 | D:5      | Reached XP level 9. HP: 75/75 MP: 9/9
  5878 | D:6      | Reached skill level 10 in Axes
  6333 | D:6      | Noticed Menkaure
  6343 | D:6      | Killed Menkaure
  6952 | D:7      | Reached skill level 11 in Axes
  7185 | D:7      | Found the +15 Maxwell's patent armour {-Cast -Tele rElec
                  | Will+ rCorr}
  7191 | D:7      | Found a white marble altar of Elyvilon.
  7196 | D:7      | Found a hazy altar of Hepliaklqana.
  7196 | D:7      | Found a broken altar of Ashenzari.
  7208 | D:7      | Found a sacrificial altar of Ru.
  7208 | D:7      | Found a shadowy altar of Dithmenos.
  7210 | D:7      | Found a glowing golden altar of the Shining One.
  7211 | D:7      | Found a stormy altar of Qazlal.
  7520 | D:7      | Reached skill level 1 in Maces & Flails
  8132 | D:8      | Reached skill level 1 in Shields
  8178 | D:8      | Reached XP level 10. HP: 85/86 MP: 10/10
  8252 | D:8      | Reached skill level 5 in Maces & Flails
  8388 | D:8      | Reached *** piety under Trog
  8403 | D:8      | Noticed Erica
  8413 | D:8      | Killed Erica
  9028 | D:9      | Reached XP level 11. HP: 95/95 MP: 11/11
  9469 | D:9      | Noticed a four-headed hydra
  9484 | D:10     | Entered Level 10 of the Dungeon
  9484 | D:10     | Found a portal to a secret trove of treasure.
  9496 | D:10     | Slain by a four-headed hydra

Illustrated notes

Levels and vault maps discovered:
D:1:      evilmike_arrival_rings, layout_basic
D:2:      layout_loops_ring
D:3:      layout_loops_ring, eat_drink_and_be_merry_uskayaw, st_stairs_13,
          grunt_decor_arrowhead, minivault_14
D:4:      layout_rooms, mainiacjoe_overflow_tiny_flanked,
          minmay_temple_entry_junction, uniq_crazy_yiuf_cottage
D:5:      layout_loops_corners, grunt_temple_overflow_order_and_chaos_1,
          uniq_grinder, uniq_eustachio, uniq_prince_ribbit1
D:6:      layout_cave_pools, uniq_menkaure
D:7:      layout_basic, minitemple, hangedman_decor_slide_cut,
          nicolae_concentric_dashed_squares_wild
D:8:      layout_loops_ring, kennysheep_generic_room_10, uniq_erica
D:9:      minmay_cut_squares, layout_irregular_city,
          hellmonk_ghost_happy_afterlife
D:10:     layout_irregular_city, hellmonk_lair_entry_icy, serial_column_ruins,
          column_ruins_hut, column_ruins_grid_1, column_ruins_open_small,
          column_ruins_open_large, enter_trove_1

Skill      XL: |  1  2  3  4  5  6  7  8  9 10 11 |
---------------+----------------------------------+-----
Fighting       | 4 5 6 7 8 |  8.7
Axes           | 5 6 7 8 9 11 | 11.4
Dodging        | 2 |  2.6
Armour         | 3 4 5 8 9 |  9.9
Stealth        | 1 |  1.3
Maces & Flails | 3 8 9 |  9.1
Shields        | 1 2 |  2.4
Unarmed Combat | |  0.5

Action                     |  1- 3 |  4- 6 |  7- 9 | 10-12 || total
---------------------------+-------+-------+-------+-------++-------
  Melee: Hand axe          |   100 |   125 |   222 |       ||   447
         Punch             |     1 |     2 |     7 |     4 ||    14
         Unarmed           |       |       |     9 |       ||     9
         Morningstar       |       |       |    79 |   122 ||   201
         War axe           |       |       |    47 |       ||    47
         Flail             |       |       |     8 |       ||     8
 Invoke: Berserk           |     2 |     4 |    25 |     3 ||    34
         Trog's Hand       |       |       |       |     1 ||     1
  Evoke: Wand              |       |       |       |     1 ||     1
    Use: Potion            |       |       |       |     1 ||     1
   Stab: Sleeping          |     2 |       |       |       ||     2
 Armour: Animal skin       |    27 |       |       |       ||    27
         Plate armour      |    23 |    89 |   287 |   164 ||   563
         Skin              |       |       |     5 |       ||     5
  Dodge: Dodged            |    55 |    44 |   122 |    45 ||   266
  Block: Other             |       |       |    23 |    23 ||    46
         Reflection        |       |       |     2 |       ||     2
